 Dungeon Crawl Stone Soup version 0.30.2 (webtiles) character file.

Game seed: 13920184318916510328

2223 mopl the Basher (level 9, -1/78 HPs)
             Began as a Meteoran Berserker on Apr 12, 2024.
             Was a Believer of Trog.
             Collided with a closed door (3 damage)
             ... caused by a rakshasa
             ... on level 11 of the Dungeon.
             The game lasted 00:10:13 (2130 turns).

mopl the Basher (Meteoran Berserker)                Turns: 2130, Time: 00:10:13

Health: -1/78      AC: 12    Str: 21    XL:     9   Next: 93%
Magic:  0/10       EV: 13    Int:  9    God:    Trog [**....]
Gold:   88         SH:  0    Dex: 22    Spells: 8/8 levels left

rFire   + . .        a - +0 morningstar
rCold   . . .        (no shield)
rNeg    + . .        o - +2 chain mail {rF+}
rPois   .            (no helmet)
rElec   .            (no cloak)
rCorr   .            (no gloves)
SInv    .            (no boots)
Will    +....        u - amulet of guardian spirit Stlth
                     r - +6 ring of dexterity
HPRegen 0.33/turn    z - ring of positive energy
MPRegen 0.12/turn

%: guardian spirit
@: on berserk cooldown, slowed, glowing, very slow
A: sense surroundings 2, otherworldly, glowing, explore regen
a: Renounce Religion, Berserk, Trog's Hand


You were on level 11 of the Dungeon.
You worshipped Trog.
Trog was pleased with you.
You visited 1 branch of the dungeon, and saw 11 of its levels.

You collected 203 gold pieces.
You spent 115 gold pieces at shops.

Inventory:

Hand Weapons
 a - a +0 morningstar (weapon)
 d - a +0 short sword of venom
 w - a +1 mace of holy wrath
 y - a +2 flail of protection
Missiles
 e - 3 poisoned darts (quivered)
 g - 3 javelins
 s - a throwing net
 A - 4 boomerangs
Armour
 o - a +2 chain mail of fire resistance (worn)
Jewellery
 r - a +6 ring of dexterity (left hand)
 u - an amulet of guardian spirit (around neck)
 z - a ring of positive energy (right hand)
Wands
 i - a wand of flame (15)
 t - a wand of digging (8)
Scrolls
 c - 2 scrolls of poison {unknown}
 h - a scroll of teleportation {unknown}
 n - 2 scrolls of fog {unknown}
 v - a scroll of enchant weapon
 x - 3 scrolls of vulnerability {unknown}
Potions
 b - a potion of magic
 f - a potion of invisibility {unknown}
 j - 2 potions of might
 k - a potion of heal wounds
 l - 2 potions of mutation {unknown}
 m - a potion of haste
 p - a potion of ambrosia
 q - a potion of flight


   Skills:
 + Level 6.8 Fighting
 * Level 10.8 Maces & Flails
 + Level 6.9 Armour
 + Level 6.9 Dodging


You had 8 spell levels left.
You didn't know any spells.
Your spell library was empty.

Dungeon Overview and Level Annotations

Branches:
Dungeon (11/15) Zot: 4379  Temple (0/1) D:5            Lair (0/5) D:11
    Orc: D:9-12

Altars:
Dithmenos
Vehumet

Shops:
D:2 :(=?   D:4 [

Annotations:
D:8 1 transporter


Innate Abilities, Weirdness & Mutations

You passively map the area around you.
You are easily found by Zot.
You glow in the dark.
You regain HP and MP as you explore.


Message History

The rakshasa hits you but does no damage.
You miss the rakshasa.
The rakshasa is moderately wounded.
You are no longer berserk.
You are exhausted.
You feel yourself slow down.
You barely miss the rakshasa.
The rakshasa is moderately wounded.
The rakshasa hits you with a +0 whip! The rakshasa gestures at you.
The lance of force hits you!
You are knocked back by the lance of force.
You slam into the rock wall!
Okay, then.
Your skin crawls.
You feel strong-willed. The rakshasa attacks as you move away!
The rakshasa closely misses you. The rakshasa gestures at you.
The lance of force hits you!!
* * * LOW HITPOINT WARNING * * *
You are knocked back by the lance of force.
You slam into the rock wall!
* * * LOW HITPOINT WARNING * * *
Found a book of Iron.
The rakshasa blinks! x2
You feel the effects of Trog's Hand fading.
The rakshasa gestures at you. The lance of force hits you!
* * * LOW HITPOINT WARNING * * *
You are knocked back by the lance of force.
You slam into the rock wall!
* * * LOW HITPOINT WARNING * * *
Unknown command.
Your skin stops crawling.
You feel less strong-willed. The rakshasa gestures at you.
The lance of force hits you!
* * * LOW HITPOINT WARNING * * *
You are knocked back by the lance of force.
You slam into the closed door!
You die...

,+ , ,* , , , * , ,, , ,
, , * * , , ########## ,
, , .......... * ,
.......... , , .........
* , , ......... * * ##+##
####.... * , #.@.#.....
#.... #...#......+ +....
* , ,+...#......# #.... ,
#...#......# #.... ,
##..#......####....
#+######R.#...........#+#
#.........+...........#,,
#.........#...........+
#:........#...........#


You could see a rakshasa.

Vanquished Creatures
  A two-headed ogre (D:11)
  Pikel (D:6)
  A wyvern (D:5)
  2 black bears
  A sky beast (D:6)
  An ogre (D:7)
  A centaur (D:8)
  A lemure (D:6)
  A scorpion (D:6)
  3 orc priests
  A gnoll bouda (D:7)
  A hound (D:3)
  A jelly (D:6)
  3 iguanas
  Natasha (D:2)
  4 orc wizards
  6 gnolls
  6 adders
  2 shadow imps (D:6)
  A worm (D:4)
  2 dart slugs
  17 orcs
  5 ball pythons
  6 endoplasms
  A giant cockroach (D:4)
  4 goblins
  4 hobgoblins
  4 jackals
  7 kobolds
  3 quokkas
  4 bats
  3 frilled lizards
  A rat (D:3)
100 creatures vanquished.

Vanquished Creatures (others)
  An orc wizard (D:8)
1 creature vanquished.

Grand Total: 101 creatures vanquished

Notes
Turn   | Place    | Note
-------+----------+-------------------------------------------
     0 | D:1      | mopl the Meteoran Berserker began the quest for the Orb.
     0 | D:1      | Reached XP level 1. HP: 19/19 MP: 2/2
    39 | D:1      | Reached XP level 2. HP: 10/26 MP: 3/3
   149 | D:1      | Reached XP level 3. HP: 31/31 MP: 4/4
   248 | D:2      | Found Bukiqo's Magic Scroll Boutique.
   259 | D:2      | Bought a scroll of noise for 11 gold pieces
   375 | D:2      | Found Ankis's Book Shoppe.
   422 | D:3      | Found a shadowy altar of Dithmenos.
   464 | D:3      | Reached XP level 4. HP: 24/40 MP: 5/5
   470 | D:3      | Reached ** piety under Trog
   494 | D:3      | Reached skill level 5 in Maces & Flails
   533 | D:3      | Reached XP level 5. HP: 37/46 MP: 6/6
   628 | D:3      | Reached XP level 6. HP: 51/52 MP: 7/7
   654 | D:2      | Noticed a +0 triple sword
   656 | D:2      | Found Rastro's Weapon Shoppe.
   657 | D:2      | Noticed Natasha
   658 | D:2      | Noticed a +0 lajatang
   666 | D:2      | Killed Natasha
   667 | D:2      | Reached skill level 6 in Maces & Flails
   671 | D:2      | Found Qolloh's Jewellery Boutique.
   961 | D:4      | Reached XP level 7. HP: 55/60 MP: 8/8
   986 | D:5      | Entered Level 5 of the Dungeon
   996 | D:5      | Noticed a wyvern
  1010 | D:5      | Killed a wyvern
  1011 | D:5      | Reached skill level 7 in Maces & Flails
  1044 | D:4      | Found Kopsax's Armour Shop.
  1135 | D:5      | Found a staircase to the Ecumenical Temple.
  1177 | D:6      | Reached skill level 5 in Fighting
  1324 | D:2      | Bought a scroll of enchant weapon for 82 gold pieces
  1324 | D:2      | Bought a scroll of identify for 22 gold pieces
  1429 | D:6      | Reached XP level 8. HP: 53/68 MP: 6/9
  1547 | D:6      | Noticed Pikel
  1572 | D:6      | Killed Pikel
  1573 | D:6      | Reached skill level 9 in Maces & Flails
  1573 | D:6      | Reached skill level 5 in Armour
  1573 | D:6      | Reached skill level 5 in Dodging
  1608 | D:7      | Gained mutation: You passively map the area around you.
                  | [Meteoran growth]
  1608 | D:7      | Reached XP level 9. HP: 61/75 MP: 7/10
  1719 | D:7      | Reached *** piety under Trog
  1828 | D:8      | Found a radiant altar of Vehumet.
  1905 | D:8      | Reached skill level 10 in Maces & Flails
  1923 | D:8      | Found a transporter.
  1931 | D:8      | Found a transporter.
  1990 | D:10     | Entered Level 10 of the Dungeon
  2004 | D:11     | Found a staircase to the Lair.
  2100 | D:11     | Noticed a two-headed ogre
  2102 | D:11     | Noticed a rakshasa
  2108 | D:11     | Killed a two-headed ogre
  2130 | D:11     | HP: 2/78 [rakshasa/lance of force (10)]
  2130 | D:11     | Collided with a closed door

Illustrated notes

Levels and vault maps discovered:
D:1:      minmay_arrival_doors, layout_rooms, dreamdust_wishing_well,
          minmay_tiny_reverse_x
D:2:      layout_basic, serial_shops, shop,
          nicolae_shop_temple_entry_statues_fountains, nicolae_shop_mannequins,
          nicolae_shop_behind_doors, nicolae_shop_bloodbath_and_beyond,
          kennysheep_potato, uniq_natasha
D:3:      minmay_recursive_quarters, layout_basic,
          nicolae_dithmenos_the_darkroom
D:4:      layout_cave_pools, serial_shops, nicolae_shop_hallway_stairs
D:5:      layout_loops_ring, marbit_many_paths, minmay_temple_entry_glass,
          wad_floor_pattern_1
D:6:      layout_loops_ring, eino_small_chamber_without_monster, minivault_19,
          uniq_pikel
D:7:      layout_layer_cave, nicolae_overflow_hidden_temple
D:8:      layout_loops_corners, vehumet_crystals, hangedman_decor_opposing,
          nicolae_transporter_intersection, uniq_erica
D:9:      layout_roguey, nicolae_overflow_crystal_walls
D:10:     layout_gridville, mainiacjoe_overflow_brackets,
          nicolae_ru_path_of_blood, enter_trove_0
D:11:     layout_gridville, lair_entry_dummy

Skill      XL: |  1  2  3  4  5  6  7  8  9 |
---------------+----------------------------+-----
Armour         | 3 4 5 6 |  6.9
Dodging        | 3 4 5 6 |  6.9
Maces & Flails | 5 6 7 9 10 | 10.8
Fighting       | 4 5 6 |  6.8

Action                     |  1- 3 |  4- 6 |  7- 9 || total
---------------------------+-------+-------+-------++-------
  Melee: Mace              |    74 |    50 |       ||   124
         Punch             |     1 |       |     2 ||     3
         Flail             |       |    85 |   135 ||   220
         Morningstar       |       |       |    20 ||    20
 Invoke: Berserk           |     1 |     2 |     6 ||     9
         Trog's Hand       |       |       |     1 ||     1
  Evoke: Wand              |       |       |     1 ||     1
    Use: Scroll            |       |       |     7 ||     7
 Armour: Animal skin       |    12 |       |       ||    12
         Scale mail        |    26 |    23 |       ||    49
         Chain mail        |       |    83 |    89 ||   172
  Dodge: Dodged            |    42 |    79 |   104 ||   225
